 Dungeon Crawl Stone Soup version 0.31-a0-95-g6fa058ef04 (webtiles) character file.

Game seed: 502321093677179278

76 edwardauron the Trooper (level 3, -1/31 HPs)
             Began as a Demigod Fighter on May 25, 2023.
             Slain by a sleepcap (4 damage)
             ... on level 3 of the Dungeon.
             The game lasted 00:01:50 (1759 turns).

edwardauron the Trooper (Demigod Fighter)           Turns: 1759, Time: 00:01:51

Health: -1/31      AC:  9    Str: 21    XL:     3   Next: 89%
Magic:  5/5        EV: 10    Int: 10    God:
Gold:   126        SH:  4    Dex: 13    Spells: 2/2 levels left

rFire   . . .        a - +0 long sword
rCold   . . .        c - +0 buckler
rNeg    . . .        b - +0 scale mail
rPois   .            (no helmet)
rElec   .            (no cloak)
rCorr   .            g - +0 pair of gloves
SInv    .            (no boots)
Will    .....        (no amulet) Stlth
                     (no ring)
HPRegen 0.25/turn    (no ring)
MPRegen 0.09/turn

%: no passive effects
@: no status effects
A: high MP 1, forlorn, divine attributes, iridescent scales 1
a: no special abilities


You were on level 3 of the Dungeon.
You visited 1 branch of the dungeon, and saw 3 of its levels.

You collected 126 gold pieces.

Inventory:

Hand Weapons
 a - a +0 long sword (weapon)
Armour
 b - a +0 scale mail (worn)
 c - a +0 buckler (worn)
 g - a +0 pair of gloves (worn)
Wands
 d - a wand of paralysis (13)
Scrolls
 h - 2 scrolls of teleportation
Potions
 e - a potion of brilliance {unknown}
 i - 2 potions of haste {unknown}
 k - a potion of enlightenment {unknown}


   Skills:
 + Level 3.1 Fighting
 + Level 2.3 Long Blades
 + Level 3.1 Armour
 + Level 1.3 Dodging
 + Level 3.1 Shields


You had 2 spell levels left.
You didn't know any spells.
Your spell library contained the following spells:

 Spells                   Type           Power      Damage    Failure   Level
 Magic Dart               Conj           0%         1d3       77%         1
 Searing Ray              Conj           0%         2d4       88%         2
 Fulminant Prism          Conj/Hex       0%         3d5       100%        4


Dungeon Overview and Level Annotations

Branches:
Dungeon (3/15)


Innate Abilities, Weirdness & Mutations

You have an increased reservoir of magic. (+10% MP)
You shall have no god before yourself.
Your divine heritage dramatically boosts your attributes as you level up.
You are partially covered in iridescent scales. (AC +2)


Message History

There is a stone staircase leading up here.
You see here a potion of mutation.
f - a potion of mutation Really quaff the potion of mutation?
You feel extremely strange.
Your iridescent scales disappear.
You feel clever.
Iridescent scales grow over part of your body.
You feel your willpower return.
You now have 126 gold pieces (gained 5).
A sleepcap comes into view.
You hit the sleepcap.
The sleepcap is moderately damaged.
The sleepcap releases spores at you.
You hit the sleepcap.
The sleepcap is moderately damaged.
The sleepcap releases spores at you!
You are engulfed in a cloud of soporific spores!
You fall asleep.
The sleepcap releases spores at you.
You wake up.
You hit the sleepcap.
The sleepcap is moderately damaged.
The sleepcap releases spores at you.
* * * LOW HITPOINT WARNING * * *
You are engulfed in a cloud of soporific spores!
You are unaffected.
The sleepcap closely misses you.
You completely miss the sleepcap.
The sleepcap is moderately damaged.
The sleepcap releases spores at you.
* * * LOW HITPOINT WARNING * * *
You hit the sleepcap.
The sleepcap is heavily damaged.
The sleepcap releases spores at you.
* * * LOW HITPOINT WARNING * * *
You hit the sleepcap.
The sleepcap is severely damaged.
The sleepcap releases spores at you but does no damage. x2
You hit the sleepcap.
The sleepcap is severely damaged.
The sleepcap releases spores at you.
You die...

#..# #..# #..#
#..## .... #..
#f# ##
######@#...#
##..........#
##...######..#
####....# .#
........# #
####....#
##...#
######..#
........##+###.


You could see a sleepcap.

Vanquished Creatures
  Robin (D:2)
  An adder (D:2)
  2 dart slugs (D:1)
  5 bats
  3 endoplasms
  12 goblins
  4 hobgoblins (D:1)
  2 jackals (D:2)
  3 kobolds
  2 quokkas
  4 ball pythons
  3 frilled lizards (D:1)
  6 rats
48 creatures vanquished.

Notes
Turn   | Place    | Note
-------+----------+-------------------------------------------
     0 | D:1      | edwardauron the Demigod Fighter began the quest for the
                  | Orb.
     0 | D:1      | Reached XP level 1. HP: 18/18 MP: 3/3
   328 | D:1      | Reached XP level 2. HP: 16/25 MP: 4/4
  1008 | D:2      | Noticed Robin
  1022 | D:2      | Reached XP level 3. HP: 22/31 MP: 5/5
  1023 | D:2      | Reached skill level 1 in Dodging
  1028 | D:2      | Gained mutation: You are dopey. (Int -2) [potion of
                  | mutation]
  1028 | D:2      | Gained mutation: You are partially covered in iridescent
                  | scales. (AC +2) [potion of mutation]
  1046 | D:2      | Killed Robin
  1742 | D:3      | Lost mutation: You are partially covered in iridescent
                  | scales. (AC +2) [potion of mutation]
  1742 | D:3      | Lost mutation: You are dopey. (Int -2) [potion of mutation]
  1742 | D:3      | Gained mutation: You are partially covered in iridescent
                  | scales. (AC +2) [potion of mutation]
  1759 | D:3      | Slain by a sleepcap

Illustrated notes

Levels and vault maps discovered:
D:1:      dpeg_arrival_prison, layout_loops_cross,
          chequers_serial_rivers_micro_a
D:2:      layout_loops_ring, palyth_stone_intersect, uniq_robin
D:3:      layout_loops_ring, nrook_mini_vaults, uniq_sigmund, uniq_ijyb

Skill      XL: |  1  2  3 |
---------------+----------+-----
Long Blades    | 2 |  2.3
Fighting       | 3 |  3.1
Armour         | 3 |  3.1
Shields        | 3 |  3.1
Dodging        | 1 |  1.3

Action                     || total
---------------------------++-------
  Melee: Long sword        ||   169
    Use: Potion            ||     4
         Scroll            ||     4
 Armour: Scale mail        ||    98
  Dodge: Dodged            ||    97
  Block: Buckler           ||    57

Table legend: (Time is in decaauts)
 A = Elapsed time spent in this place.
 B = Non-inter-level travel time spent in this place.
 C = Inter-level travel time spent in this place.
 D = Time resting spent in this place.
 E = Time spent auto-exploring this place.
 F = Levels seen in this place.
 G = Mean time per level.
                   A        B        C        D        E       F      G
               +--------+--------+--------+--------+--------+-----+--------+
         Total |   1821 |   1796 |     25 |    105 |   1308 |   3 |  607.0 |
       Dungeon |   1821 |   1796 |     25 |    105 |   1308 |   3 |  607.0 |
               +--------+--------+--------+--------+--------+-----+--------+

Top non-repeatable levels by time:
     D:1: 949 daAuts
     D:2: 837 daAuts
     D:3: 35 daAuts
